 Dungeon Crawl Stone Soup version 0.29-a0-322-g68df515428 (console) character file.

Game seed: 15027126488593411245

5 Ignak the Ruffian (level 1, 18/19 HPs)
             Began as an Ogre Transmuter on Apr 8, 2022.
             Was a Follower of Yredelemnul.
             Quit the game on level 1 of the Dungeon.
             The game lasted 00:00:55 (462 turns).

Ignak the Ruffian (Ogre Transmuter)                  Turns: 462, Time: 00:00:56

Health: 18/19      AC:  3    Str: 13    XL:     1   Next: 80%
Magic:  3/4        EV:  9    Int: 14    God:    Yredelemnul [*.....]
Gold:   0          SH:  0    Dex:  9    Spells: 4/5 levels left

rFire   . . .      SeeInvis .     - Unarmed
rCold   . . .      Faith    .   (no shield)
rNeg    . . .      Spirit   .   a - +0 robe
rPois   .          Reflect  .   (helmet restricted)
rElec   .          Harm     .   (no cloak)
rCorr   .          Rampage  .   (gloves unavailable)
Will    .....                   (boots unavailable)
Stlth   +.........              (no amulet)
HPRegen 0.06/turn               (no ring)
MPRegen 0.09/turn               (no ring)

@: no status effects
A: large, unfitting armour, tough skin 1
a: Renounce Religion, Recall Undead Harvest


You were on level 1 of the Dungeon.
You worshipped Yredelemnul.
Yredelemnul was noncommittal.
You visited 1 branch of the dungeon, and saw 1 of its levels.

Inventory:

Armour
 a - a +0 robe (worn)
Potions
 b - a potion of lignification
 c - a potion of magic {unknown}


   Skills:
 + Level 1.6 Fighting
 + Level 1.9 Dodging
 + Level 2.7 Unarmed Combat
 + Level 2.5 Spellcasting
 + Level 1.9 Transmutations


You had 4 spell levels left.
You knew the following spells:

 Your Spells              Type           Power      Damage    Failure   Level
z - Beastly Appendage     Tmut           14%        N/A       11%         1

Your spell library contained the following spells:

 Spells                   Type           Power      Damage    Failure   Level
 Wereblood                Tmut           7%         N/A       16%         2
 Spider Form              Tmut/Pois      4%         N/A       41%         3
 Ice Form                 Ice/Tmut       4%         N/A       83%         4


Dungeon Overview and Level Annotations

Branches:
Dungeon (1/15)

Altars:
Yredelemnul


Innate Abilities, Weirdness & Mutations

You are too large for most types of armour.
You have tough skin. (AC +1)


Message History

The bat hits you.
Casting: Beastly Appendage (safe; 11% risk of failure)
Confirm with . or Enter, or press ? or * to list all spells.
You grow a pair of large bovine horns.
Your feet morph into talons.
The bat barely misses you. The bat hits you but does no damage.
The bat misses you.
You hit the bat.
The bat is severely wounded.
The bat hits you. The bat hits you but does no damage.
You closely miss the bat.
The bat is severely wounded.
The bat closely misses you. The bat closely misses you.
The ball python barely misses you.
There is an open door, spattered with blood here.
Your transformation is almost over.
You hit the ball python.
You kill the ball python!
The bat barely misses you.
You miss the bat.
The bat is moderately wounded.
The bat barely misses you.
You closely miss the bat. You claw the bat.
You kill the bat!
You completely miss the goblin. You claw the goblin. You headbutt the goblin.
You kill the goblin!
There is an open door, spattered with blood here.
Things that are here:
a +0 club; a bat corpse; a ball python corpse Your horns disappear.
Your talons disappear.
There is a faded altar of an unknown god here.
You cannot tell which god this altar belongs to.
Convert to them anyway?
Okay, then.
There is a faded altar of an unknown god here.
You cannot tell which god this altar belongs to.
Convert to them anyway? [Y]es or [N]o only, please.
You cannot tell which god this altar belongs to.
Convert to them anyway?
Yredelemnul accepts your prayer! Yredelemnul welcomes you!
You can now reap souls.
You can now recall your undead harvest.
Are you sure you want to abandon this character and quit the game? (Confirm with "yes".)

#############
#............
#............
#.>...$......
#..Z.........
#..Z.@.......
#............
#..Z.........
##)##########
########.#
#........#
#......###
#.......#
#.......####


You could see a friendly ball python zombie and 2 friendly adder zombies.

Vanquished Creatures
  2 goblins (D:1)
  A quokka (D:1)
  A ball python (D:1)
  A bat (D:1)
5 creatures vanquished.

Notes
Turn   | Place    | Note
-------+----------+-------------------------------------------
     0 | D:1      | Ignak the Ogre Transmuter began the quest for the Orb.
     0 | D:1      | Reached XP level 1. HP: 19/19 MP: 3/3
   441 | D:1      | Found a faded altar of an unknown god.
   461 | D:1      | Prayed at the altar of an unknown god.
   461 | D:1      | Became a worshipper of Yredelemnul the Dark
   461 | D:1      | Reached * piety under Yredelemnul
   462 | D:1      | Quit the game

Illustrated notes

Levels and vault maps discovered:
D:1:      evilmike_arrival_crescent, layout_basic, basic_ecumenical_altar,
          serial_shops, shop_scrolls

Action                   || total
-------------------------++-------
Melee: Unarmed           ||    14
       Kick              ||     2
       Headbutt          ||     2
       Punch             ||     1
 Cast: Beastly Appendage ||     3
Armor: Robe              ||     4
Dodge: Dodged            ||     9

Table legend: (Time is in decaauts)
 A = Elapsed time spent in this place.
 B = Non-inter-level travel time spent in this place.
 C = Inter-level travel time spent in this place.
 D = Time resting spent in this place.
 E = Time spent auto-exploring this place.
 F = Levels seen in this place.
 G = Mean time per level.
                   A        B        C        D        E       F      G
               +--------+--------+--------+--------+--------+-----+--------+
         Total |    461 |    461 |      0 |    226 |    186 |   1 |  461.0 |
       Dungeon |    461 |    461 |      0 |    226 |    186 |   1 |  461.0 |
               +--------+--------+--------+--------+--------+-----+--------+

Top non-repeatable levels by time:
     D:1: 461 daAuts
